 Dungeon Crawl Stone Soup version 0.31-a0-75-g6fe912e8c5 (webtiles) character file.

Game seed: 17852138868768629894

45 NogeeEf the Poker (level 3, 0/16 (31) HPs)
             Began as a Hill Orc Reaver on May 24, 2023.
             Succumbed to an adder's poison
             ... on level 2 of the Dungeon.
             The game lasted 00:05:08 (1620 turns).

NogeeEf the Poker (Hill Orc Reaver)                 Turns: 1620, Time: 00:05:09

HP:   0/16 (31)     AC: 10    Str: 16    XL:     3   Next: 64%
MP:   5/5           EV: 11    Int: 13    God:
Gold: 90            SH:  0    Dex:  9    Spells: 4/5 levels left

rFire   . . .        f - +1 dagger (protect)
rCold   . . .        (no shield)
rNeg    . . .        b - +0 leather armour
rPois   .            (no helmet)
rElec   .            i - scarf {harm}
rCorr   .            (no gloves)
SInv    .            (no boots)
Will    .....        (no amulet)
Stlth   +            (no ring)
HPRegen 0.22/turn    (no ring)
MPRegen 0.09/turn

%: harm (+30% outgoing, +20% incoming)
@: lethally poisoned (0 -> -1), under a protective aura, very heavily drained
A: no striking features
a: no special abilities


You were on level 2 of the Dungeon.
You visited 1 branch of the dungeon, and saw 2 of its levels.

You collected 90 gold pieces.

Inventory:

Hand Weapons
 a - a +0 spear
 f - a +1 dagger of protection (weapon)
Missiles
 c - 6 boomerangs of dispersal
 h - 9 javelins
Armour
 b - a +0 leather armour (worn)
 i - a scarf of harm (worn)
Scrolls
 d - a scroll of teleportation {unknown}
 e - a scroll of identify {unknown}
 g - 2 scrolls of amnesia {unknown}
Potions
 j - a potion of might {unknown}


   Skills:
 + Level 3.0 Fighting
 + Level 0.7 Short Blades
 - Level 3.4 Polearms
 + Level 2.0 Dodging
 + Level 1.9 Spellcasting
 - Level 3.1 Conjurations
 + Level 0.7 Necromancy


You had 4 spell levels left.
You knew the following spells:

 Your Spells              Type           Power      Damage    Failure   Level
a - Kiss of Death         Conj/Necr      20%        2d7       16%         1

Your spell library contained the following spells:

 Spells                   Type           Power      Damage    Failure   Level
 Momentum Strike          Conj/Tloc      8%         3d8       28%         2
 Hailstorm                Conj/Ice       4%         3d4       50%         3


Dungeon Overview and Level Annotations

Branches:
Dungeon (2/15)

Altars:


Message History

The adder is heavily wounded.
The adder closely misses you.
You miss the adder.
The adder is heavily wounded.
The adder misses you.
You hit the adder.
The adder is heavily wounded.
The adder barely misses you.
You hit the adder.
The adder is severely wounded.
The adder bites you but does no damage. x2
You hit the adder.
The adder is almost dead.
The adder bites you.
You are poisoned.
The adder poisons you!
You hit the adder.
You kill the adder!
You feel sick.
Your Fighting skill increases to level 3!
Your Dodging skill increases to level 2!
You hit the hobgoblin.
The hobgoblin is heavily wounded.
You feel sick. The hobgoblin closely misses you.
You hit the hobgoblin but do no damage.
The hobgoblin is moderately wounded.
You feel sick. The hobgoblin hits you.
You hit the hobgoblin.
The hobgoblin is heavily wounded.
You feel sick. The hobgoblin hits you.
* * * LOW HITPOINT WARNING * * *
You completely miss the hobgoblin.
The hobgoblin is heavily wounded.
* * * LOW HITPOINT WARNING * * *
You feel sick. The hobgoblin hits you.
* * * LOW HITPOINT WARNING * * *
* * * LOW HITPOINT WARNING * * *
You feel sick. The hobgoblin misses you.
The hobgoblin attacks as you move away! The hobgoblin barely misses you.
You die...

###### #
#######.##### ..
#........# ...
#.##.....#
....###.##.##.##
#........##.##.#
#...###.$##.##.#
#....g..##.##.#
###..#.###.##.#
.... #@....##.#
.... ########.#
#.. #. .


You could see a hobgoblin.

Vanquished Creatures
  An adder (D:2)
  An endoplasm (D:1)
  A giant cockroach (D:1)
  7 goblins (D:1)
  6 hobgoblins
  5 ball pythons
  6 bats
  A frilled lizard (D:1)
  3 kobolds
  3 rats (D:1)
34 creatures vanquished.

Notes
Turn   | Place    | Note
-------+----------+-------------------------------------------
     0 | D:1      | NogeeEf the Hill Orc Reaver began the quest for the Orb.
     0 | D:1      | Reached XP level 1. HP: 18/18 MP: 3/3
   100 | D:1      | Reached XP level 2. HP: 12/18 MP: 1/4
   370 | D:1      | Reached XP level 3. HP: 9/12 MP: 5/5
  1620 | D:2      | Succumbed to an adder's poison

Illustrated notes

Levels and vault maps discovered:
D:1:      psy_arrival_statuary, layout_rooms, hangedman_glass_teeth,
          chequers_garden, nrook_loot_triangle
D:2:      layout_basic, lemuel_flame_loot_1, uniq_crazy_yiuf_cottage

Skill      XL: |  1  2  3 |
---------------+----------+-----
Fighting       | 3 |  3.0
Dodging        | 2 |  2.0
Short Blades   | |  0.7
Polearms       | |  3.4
Spellcasting   | |  1.9
Conjurations   | |  3.1
Necromancy     | |  0.7

Action                     || total
---------------------------++-------
  Melee: Spear             ||    52
         Dagger            ||   107
         Punch             ||     2
   Cast: Kiss of Death     ||     7
 Armour: Leather armour    ||    86
  Dodge: Dodged            ||   115

Table legend: (Time is in decaauts)
 A = Elapsed time spent in this place.
 B = Non-inter-level travel time spent in this place.
 C = Inter-level travel time spent in this place.
 D = Time resting spent in this place.
 E = Time spent auto-exploring this place.
 F = Levels seen in this place.
 G = Mean time per level.
                   A        B        C        D        E       F      G
               +--------+--------+--------+--------+--------+-----+--------+
         Total |   1613 |   1590 |     23 |    761 |    357 |   2 |  806.5 |
       Dungeon |   1613 |   1590 |     23 |    761 |    357 |   2 |  806.5 |
               +--------+--------+--------+--------+--------+-----+--------+

Top non-repeatable levels by time:
     D:1: 1309 daAuts
     D:2: 303 daAuts
